 Dungeon Crawl Stone Soup version 0.31-a0-175-g9f7f995f2b (webtiles) character file.

Game seed: 5822988899858189754

357 qw the Shooter (level 6, -3/38 HPs)
             Began as a Gargoyle Hunter on June 16, 2023.
             Slain by Edmund
             ... wielding a +2 dire flail of protection
              (5 damage)
             ... on level 4 of the Dungeon.
             The game lasted 00:00:59 (2752 turns).

qw the Shooter (Gargoyle Hunter)                    Turns: 2752, Time: 00:01:00

Health: -3/38      AC:  9    Str: 15    XL:     6   Next: 64%
Magic:  6/6        EV: 11    Int:  9    God:
Gold:   242        SH:  0    Dex: 15    Spells: 5/5 levels left

rFire   . . .        Y - +2 shortbow
rCold   . . .        (shield currently unavailable)
rNeg    + . .        d - +0 ring mail
rPois   inf          (no helmet)
rElec   +            (no cloak)
rCorr   .            (no gloves)
SInv    .            (no boots)
Will    .....        e - amulet of the acrobat
Stlth   +            (no ring)
HPRegen 0.26/turn    (no ring)
MPRegen 0.10/turn

%: acrobat
@: no status effects
A: sickness immunity, AC +4, negative energy resistance 1, electricity
resistance, torment resistance 1, petrification resistance
a: no special abilities


You were on level 4 of the Dungeon.
You visited 1 branch of the dungeon, and saw 4 of its levels.

You collected 242 gold pieces.


Innate Abilities, Weirdness & Mutations

You are immune to sickness and miasma.
Your stone body is resilient. (AC +4)
You are immune to poison.
You resist negative energy. (rN+)
You are resistant to electric shocks. (rElec)
You are resistant to unholy torment.
You are immune to petrification.


   Skills:
 - Level 4.1 Fighting
 + Level 6.7 Ranged Weapons
 - Level 2.0 Armour
 - Level 1.5 Dodging
 - Level 1.1 Stealth


You had 5 spell levels left.
You didn't know any spells.
Your spell library was empty.

Inventory:

Hand Weapons
 Y - a +2 shortbow (weapon)
Armour
 c - a +0 pair of gloves
 d - a +0 ring mail (worn)
Jewellery
 e - an amulet of the acrobat (around neck)
Scrolls
 a - a scroll of identify
Potions
 b - a potion of berserk rage {unknown}
 f - a potion of attraction
 g - a potion of curing {unknown}
 h - a potion of degeneration {unknown}

Dungeon Overview and Level Annotations

Branches:
Dungeon (4/15)
 Temple: D:4-7

Altars:
Trog

Annotations:
D:4 Edmund


Message History

You kill the ball python!
Things that are here:
a +0 scimitar; a +0 plate armour Edmund the Younger comes into view.
He is wielding a +2 dire flail of protection and wearing a +1 ring mail of poison resistance.
Edmund shouts!
Enter note:
Enter note: You shoot an arrow.
The arrow barely misses Edmund.
You shoot an arrow.
The arrow hits Edmund but does no damage.
You shoot an arrow. The arrow closely misses Edmund.
You shoot an arrow. The arrow barely misses Edmund.
You shoot an arrow. The arrow hits Edmund.
Edmund is lightly wounded.
Edmund barely misses you.
You shoot an arrow. The arrow hits Edmund.
Edmund is lightly wounded.
Edmund hits you with a +2 dire flail of protection.
You shoot an arrow.
The arrow hits Edmund but does no damage.
Edmund is lightly wounded.
Edmund hits you with a +2 dire flail of protection.
You shoot an arrow. The arrow hits Edmund.
Edmund is moderately wounded.
Edmund hits you with a +2 dire flail of protection!
You shoot an arrow. The arrow hits Edmund.
Edmund is moderately wounded.
Edmund misses you. Edmund barely misses you.
You shoot an arrow.
The arrow hits Edmund but does no damage.
Edmund is moderately wounded.
Edmund hits you with a +2 dire flail of protection!
You shoot an arrow.
The arrow hits Edmund but does no damage.
Edmund is moderately wounded.
Edmund hits you with a +2 dire flail of protection!
You shoot an arrow. The arrow hits Edmund!
Edmund is heavily wounded.
Edmund hits you with a +2 dire flail of protection.
You die...

#...... #......
#...... #......
..... ## ... .#
#####+@## #.
#......@##.#
+........#.#
#.........#
#...##..#.#
######...##+##)#
...............#
..............###..
....................
.
..........)....##...


You could see Edmund.

Vanquished Creatures
  Menkaure (D:4)
  An orc warrior (D:4)
  An orc priest (D:2)
  Terence (D:3)
  2 adders (D:2)
  A worm (D:2)
  A dart slug (D:2)
  7 orcs (D:3)
  8 ball pythons
  8 bats
  3 endoplasms (D:1)
  3 giant cockroaches
  7 goblins
  4 hobgoblins
  4 kobolds
  2 quokkas
  A frilled lizard (D:3)
  4 rats
59 creatures vanquished.

Notes
Turn   | Place    | Note
-------+----------+-------------------------------------------
     0 | D:1      | qw the Gargoyle Hunter began the quest for the Orb.
     0 | D:1      | Reached XP level 1. HP: 12/12 MP: 1/1
     0 | D:1      | 0 ||| qw: Version: 0.2-a-29-g511e9b1
     0 | D:1      | 0 ||| qw: Game counter: 5745
     0 | D:1      | 0 ||| qw: Always use a shield: true
     0 | D:1      | 0 ||| qw: God list: Okawaru
     0 | D:1      | 0 ||| qw: Allow faded altars: false
     0 | D:1      | 0 ||| qw: Do Orc after D:15 true
     0 | D:1      | 0 ||| qw: Do second Lair branch before Depths: true
     0 | D:1      | 0 ||| qw: Lair rune preference: random
     0 | D:1      | 0 ||| qw: Plans: Normal, Zot:1-4, Slime:5, God:TSO, Crypt,
                  | Tomb, Abyss, Pan, Hells, Win
     0 | D:1      | 0 ||| PLANNING D:1-11
   125 | D:1      | HP: 2/12 [frozen (4)]
   217 | D:1      | Reached XP level 2. HP: 15/17 MP: 2/2
   830 | D:1      | 830 ||| DROPPING ring of magical power.
   831 | D:1      | 831 ||| READING scroll labelled DIQIUT QIPE.
   832 | D:1      | 832 ||| READING scroll labelled SASTRA TUTI.
   833 | D:1      | 833 ||| READING scroll labelled TITAKL TYQIUNK.
   834 | D:1      | 834 ||| DROPPING scroll of butterflies.
  1117 | D:2      | Reached XP level 3. HP: 21/21 MP: 3/3
  1157 | D:2      | 1157 ||| READING scroll labelled IJAW LUGOYLOE.
  1158 | D:2      | 1158 ||| READING scroll labelled GEGORUNOIG.
  1159 | D:2      | 1159 ||| Stepping ~*~*~tactically~*~*~ (water).
  1270 | D:2      | Found a faded altar of an unknown god.
  1303 | D:2      | Reached skill level 5 in Ranged Weapons
  1596 | D:2      | 1596 ||| UPGRADING to amulet of the acrobat.
  1601 | D:2      | 1601 ||| READING scroll labelled OKOAMO JUON.
  1606 | D:2      | 1606 ||| READING 3 scrolls of identify.
  1606 | D:2      | 1606 ||| IDENTIFYING red potion
  1607 | D:2      | 1607 ||| READING 2 scrolls of identify.
  1607 | D:2      | 1607 ||| IDENTIFYING yellow potion
  1608 | D:2      | 1608 ||| DROPPING potion of ambrosia.
  1667 | D:3      | Reached skill level 3 in Fighting
  1667 | D:3      | Reached XP level 4. HP: 28/28 MP: 4/4
  1718 | D:3      | Found a bloodstained altar of Trog.
  1811 | D:3      | Noticed Terence
  1812 | D:3      | 1812 ||| FLEEEEING.
  1813 | D:3      | 1813 ||| FLEEEEING.
  1818 | D:3      | 1818 ||| FLEEEEING.
  1819 | D:3      | 1819 ||| FLEEEEING.
  1829 | D:3      | Killed Terence
  2123 | D:3      | 2123 ||| FLEEEEING.
  2124 | D:3      | 2124 ||| FLEEEEING.
  2125 | D:3      | 2125 ||| FLEEEEING.
  2126 | D:3      | 2126 ||| FLEEEEING.
  2127 | D:3      | 2127 ||| FLEEEEING.
  2128 | D:3      | 2128 ||| FLEEEEING.
  2129 | D:3      | 2129 ||| FLEEEEING.
  2130 | D:3      | 2130 ||| FLEEEEING.
  2131 | D:3      | 2131 ||| FLEEEEING.
  2132 | D:3      | 2132 ||| FLEEEEING.
  2133 | D:3      | 2133 ||| FLEEEEING.
  2134 | D:3      | 2134 ||| FLEEEEING.
  2135 | D:3      | 2135 ||| FLEEEEING.
  2136 | D:3      | 2136 ||| FLEEEEING.
  2137 | D:3      | 2137 ||| FLEEEEING.
  2138 | D:3      | 2138 ||| FLEEEEING.
  2139 | D:3      | 2139 ||| FLEEEEING.
  2140 | D:3      | 2140 ||| FLEEEEING.
  2141 | D:3      | 2141 ||| FLEEEEING.
  2142 | D:3      | 2142 ||| FLEEEEING.
  2143 | D:3      | 2143 ||| FLEEEEING.
  2144 | D:3      | 2144 ||| FLEEEEING.
  2145 | D:3      | 2145 ||| FLEEEEING.
  2146 | D:3      | 2146 ||| FLEEEEING.
  2147 | D:3      | 2147 ||| FLEEEEING.
  2148 | D:3      | 2148 ||| FLEEEEING.
  2149 | D:3      | 2149 ||| FLEEEEING.
  2150 | D:3      | 2150 ||| STAIRDANCE
  2181 | D:2      | 2181 ||| UPGRADING to +0 ring mail.
  2191 | D:2      | 2191 ||| DROPPING +0 leather armour.
  2203 | D:3      | 2203 ||| STAIRDANCE
  2209 | D:2      | Reached XP level 5. HP: 16/32 MP: 5/5
  2607 | D:3      | 2607 ||| READING scroll labelled QOIM RUCKUO.
  2627 | D:4      | Noticed Menkaure
  2633 | D:4      | Killed Menkaure
  2634 | D:4      | Reached skill level 6 in Ranged Weapons
  2634 | D:4      | Reached XP level 6. HP: 23/37 MP: 6/6
  2691 | D:4      | 2691 ||| READING scroll of enchant weapon.
  2691 | D:4      | 2691 ||| ENCHANTING +1 shortbow.
  2726 | D:4      | Noticed an orc warrior
  2731 | D:4      | Killed an orc warrior
  2740 | D:4      | Noticed Edmund
  2751 | D:4      | HP: 2/38 [Edmund/+2 dire flail of protection (12)]
  2752 | D:4      | Slain by Edmund

Levels and vault maps discovered:
D:1:      dpeg_arrival_oval, layout_loops_ring, item_on_display_a
D:2:      layout_loops_ring, shapermc_ecumenical_altar_hornbeckon
D:3:      layout_basic, lemuel_tele_altar, serial_corexii_hall,
          corexii_hall_statues_l, corexii_hall_statues_i,
          corexii_hall_statues_t, uniq_terence
D:4:      layout_gridville, mainiacjoe_overflow_catwalk,
          gammafunk_temple_overflow_wave, minmay_manual_macuahuitl,
          uniq_grinder, uniq_eustachio, uniq_edmund, uniq_menkaure, uniq_pikel

Skill      XL: |  1  2  3  4  5  6 |
---------------+-------------------+-----
Ranged Weapons | 5 6 |  6.7
Fighting       | 3 4 |  4.1
Armour         | 2 |  2.0
Dodging        | |  1.5
Stealth        | |  1.1

Action                     |  1- 3 |  4- 6 || total
---------------------------+-------+-------++-------
   Fire: Shortbow          |   105 |   103 ||   208
    Use: Scroll            |     8 |     2 ||    10
 Armour: Leather armour    |    22 |     4 ||    26
         Ring mail         |       |     8 ||     8
  Dodge: Dodged            |    34 |    24 ||    58

Table legend:
 A = Non-vault XP
 B = Vault XP
 C = Vault XP percentage of total XP
 D = Non-vault monster count
 E = Vault monster count
 F = Vault count percentage of total count
                 A         B        C        D         E       F
            +---------+---------+-------+---------+---------+-------
      Total |     173 |     338 |  66.1 |      56 |       3 |   5.1
            +---------+---------+-------+---------+---------+-------
        D:1 |      20 |       0 |   0.0 |      11 |       0 |   0.0
        D:2 |     104 |       0 |   0.0 |      20 |       0 |   0.0
        D:3 |      44 |      36 |  45.0 |      22 |       1 |   4.3
        D:4 |       5 |     302 |  98.4 |       3 |       2 |  40.0
            +---------+---------+-------+---------+---------+-------
